 Dungeon Crawl Stone Soup version 0.31-a0-152-g6aa68a64a1 (webtiles) character file.

Game seed: 3473933142616574504

135392 qw the Marksnaga (level 17, -9/166 HPs)
             Began as a Naga Hunter on June 10, 2023.
             Was a High Priest of Okawaru.
             Mangled by a ghost moth (13 damage)
             ... on level 4 of the Spider Nest.
             The game lasted 00:13:51 (28048 turns).

qw the Marksnaga (Naga Hunter)                     Turns: 28048, Time: 00:13:52

Health: -9/166     AC: 21    Str: 20      XL:     17   Next: 19%
Magic:  0/33       EV: 17    Int:  9 (10) God:    Okawaru [*****.]
Gold:   773        SH:  5    Dex: 28 (29) Spells: 16/16 levels left

rFire   + + .        k - +0 longbow (drain)
rCold   + . .        (shield currently unavailable)
rNeg    . . .        w - +2 leather armour of Going Fast {rElec Regen+}
rPois   +            u - +0 helmet of Pan-Flutes {Will+}
rElec   +            q - +2 cloak
rCorr   .            m - +2 pair of gloves
SInv    +            c - +2 barding of Wietudiu {Str+3}
Will    +++..        h - amulet of reflection
Stlth   ++           r - ring "Olorinna" {MP+9 Str+4 Dex+6}
HPRegen 1.27/turn    f - ring of Fodibogh {rF++ rC+ AC+4}
MPRegen 0.23/turn

%: reflection
@: about to teleport, corroded, very slow
A: AC +5, large, see invisible, deformed body, poison resistance, slowness 2,
spit poison 1, naga tail 2, subdued magic 1
a: Spit Poison, Renounce Religion, Heroism, Finesse, Duel


You were on level 4 of the Spider Nest.
You worshipped Okawaru.
Okawaru was extremely pleased with you.
You visited 6 branches of the dungeon, and saw 30 of its levels.

You collected 2965 gold pieces.
You spent 2192 gold pieces at shops.


Innate Abilities, Weirdness & Mutations

Your serpentine skin is tough. (AC +5)
You have supernaturally acute eyesight. (SInv)
Armour fits poorly on your strangely shaped body.
Your system is resistant to poisons. (rPois)
You cover ground very slowly.
You can spit poison.
You can use your snake-like lower body to constrict enemies.
Your spells are a little easier to cast, but a little less powerful.


   Skills:
 - Level 14.0 Fighting
 - Level 20.0 Ranged Weapons
 - Level 7.0 Armour
 + Level 10.3 Dodging
 - Level 1.5 Stealth
 - Level 10.0 Invocations


You had 16 spell levels left.
You didn't know any spells.
Your spell library was empty.

Inventory:

Hand Weapons
 k - a +0 longbow of draining (weapon)
 Y - a +2 arbalest of flaming
Armour
 c - the +2 barding of Wietudiu (worn) {Str+3}
   (You acquired it on level 1 of the Lair of Beasts)

   Str:       It affects your strength (+3).
 m - a +2 pair of gloves (worn)
 q - a +2 cloak (worn)
 u - the +0 helmet of Pan-Flutes (worn) {Will+}
   (You bought it in a shop on level 1 of the Orcish Mines)

   Will:      It increases your willpower.
 w - the +2 leather armour of Going Fast (worn) {rElec Regen+}
   (You found it on level 3 of the Spider Nest)

   rElec:     It insulates you from electricity.
   Regen:     It increases your rate of health regeneration.
 x - the +2 robe of the Dwarven Hall {Contam rPois rF++ Dex+3 SInv}
   (You bought it in a shop on level 1 of the Orcish Mines)

   Dex:       It affects your dexterity (+3).
   rF:        It greatly protects you from fire.
   rPois:     It protects you from poison.
   SInv:      It lets you see invisible.
   Contam:    It causes magical contamination when unequipped.
Jewellery
 f - the ring of Fodibogh (right hand) {rF++ rC+ AC+4}
   (You found it on level 5 of the Dungeon)

   [ring of protection]

   AC:        It affects your AC (+4).
   rF:        It greatly protects you from fire.
   rC:        It protects you from cold.
 h - an amulet of reflection (around neck)
 r - the ring "Olorinna" (left hand) {MP+9 Str+4 Dex+6}
   (You found it on level 7 of the Dungeon)

   [ring of dexterity]

   Str:       It affects your strength (+4).
   Dex:       It affects your dexterity (+6).
   MP:        It affects your magic capacity (+9).
 s - a +6 ring of dexterity
Wands
 v - a wand of digging (9)
Scrolls
 a - 5 scrolls of teleportation
 i - 9 scrolls of identify
Potions
 b - 12 potions of curing
 d - 3 potions of haste
 e - 6 potions of mutation
 g - 3 potions of resistance
 j - a potion of magic
 n - 3 potions of might
 o - a potion of cancellation

Dungeon Overview and Level Annotations

Branches:
Dungeon (15/15)            Temple (1/1) D:6            Lair (5/5) D:8
 Shoals (3/4) Lair:2       Spider (4/4) Lair:3        Slime (0/5) Lair:5
    Orc (2/2) D:10            Elf (0/3) Orc:2        Vaults (0/5) D:14
 Depths (0/4) D:15

Altars:
Ashenzari
Cheibriados
Dithmenos
Elyvilon
Fedhas
Gozag
Hepliaklqana
Kikubaaqudgha
Makhleb
Nemelex Xobeh
Okawaru
Qazlal
Ru
Sif Muna
Trog
Uskayaw
Vehumet
Wu Jian
Xom
Yredelemnul
Zin
The Shining One
Jiyva

Shops:
D:1 ?   D:4 :((   D:8 (   D:9 :   D:10 (?(   Orc:1 [?   Orc:2 *([=   Shoals:2 :

Portals:
Trove: D:14 (give +8 demon blade)

Annotations:
D:7 1 runed translucent door, Crazy Yiuf
D:9 1 runed translucent door, qw's ghost, journeyman NaHu
D:10 2 transporters, qw's ghost, novice MiHu
D:14 1 runed translucent door, Ytheofip's ghost, journeyman FoFi
Shoals:3 2 transporters, qdestroyer's ghost, journeyman MiFi


Message History

The meliai misses you. The meliai closely misses you.
The meliai hits you with a +0 war axe. The meliai completely misses you.
The boulder beetle leaps!
The jumping spider leaps!
The demonic crawler completely misses you. x2
The demonic crawler misses you.
The jumping spider moves out of view.
You shoot an arrow.
The arrow hits the demonic crawler but does no damage.
The demonic crawler is moderately wounded.
The meliai completely misses you. You block the meliai's attack. x2
The meliai misses you. The ghost moth stares at you.
You feel your power leaking away. The meliai completely misses you.
The meliai stings you but does no damage.
The meliai hits you but does no damage.
The meliai stings you but does no damage.
You shoot an arrow.
The arrow hits the ghost moth but does no damage.
The meliai hits you but does no damage.
The meliai stings you but does no damage.
The meliai completely misses you. You block the meliai's attack.
An entropy weaver comes into view.
The meliai invokes the aid of its god against you.
Something smites you! The meliai misses you. The meliai barely misses you.
You shoot an arrow. The arrow barely misses the ghost moth.
The ghost moth hits you.
You feel clumsy.
The ghost moth hits you but does no damage.
The ghost moth stings you but does no damage.
The meliai hits you with a +0 hand axe.
The meliai stings you but does no damage.
The meliai calls down the wrath of its god upon you.
Something smites you!
You shoot an arrow. The arrow hits the ghost moth!!
You drain the ghost moth!
The ghost moth is heavily wounded.
You feel like a meek peon again. The meliai barely misses you.
The meliai closely misses you. The meliai completely misses you.
The meliai closely misses you. The ghost moth hits you!
You die...

##.. #..s## ^...# #.^B##
#####.#.^# .
####^##^Bss### ..# ##
#..#^.##.s#y@#...##
.####....##..wByy.......
.#...^.^#..^..s#.^....#.
..#...#^##...#..^#..^..#
......#.^.##...#.#..#.##
...##.#...........#.....
#...#^..##...#....#^.#..
.^#.^...#..)...#.##.##
#....#.........^##


You could see a ghost moth (invisible, drained), an entropy weaver, a steelbarb
worm, a demonic crawler, a pharaoh ant, 2 redbacks and 2 meliai.

Vanquished Creatures
  Kirke (D:15)
  Donald (Spider:1)
  An emperor scorpion (Spider:3)
  Louise (D:15)
  3 ghost moths
  An orc warlord (Orc:2)
  2 merfolk javelineers (Shoals:1)
  6 merfolk impalers
  3 entropy weavers
  7 hydras
  2 jorogumos (Spider:2)
  3 merfolk aquamancers
  5 boulder beetles
  A catoblepas (D:15)
  A merfolk avatar (Shoals:3)
  4 centaur warriors
  6 two-headed ogres
  An alligator snapping turtle (Shoals:3)
  A death yak (Lair:5)
  2 tengu warriors (D:13)
  A death scarab (Spider:3)
  A titan zombie (D:15)
  Nergalle (D:11)
  4 skysharks
  2 skeletal warriors (D:15)
  2 sun moths
  A goliath frog (Lair:5)
  A flayed ghost (D:15)
  2 pharaoh ants (Spider:3)
  4 sea snakes
  2 orb spiders
  8 harpies (Shoals:2)
  A tengu zombie (D:15)
  2 necromancers
  6 steelbarb worms
  Pikel (D:7)
  3 fauns
  2 deep elf pyromancers
  7 ugly things
  3 orc sorcerers
  A moth of wrath (Spider:3)
  3 oklob plants (Lair:5)
  9 wolf spiders
  9 manticores
  A cyclops (D:14)
  2 black mambas
  5 merfolk sirens (Shoals:1)
  A frost giant skeleton (D:15)
  4 torpor snails
  4 water nymphs
  A gargoyle (D:12)
  5 rime drakes
  4 efreet
  Maggie (D:7)
  11 komodo dragons
  18 cane toads
  An unseen horror (shapeshifter) (D:14)
  An unseen horror (D:10)
  3 yaktaurs (D:15)
  3 tengu conjurers
  7 trolls
  24 merfolk
  3 meliai (Spider:3)
  A queen bee (D:10)
  3 wind drakes
  4 polar bears
  A tyrant leech (Lair:5)
  13 tarantellas
  15 blink frogs
  4 snapping turtles
  9 culicivoras
  11 jumping spiders
  A shadow (D:12)
  2 vampires
  A wraith (D:14)
  10 slime creatures
  2 wyverns
  3 hogs (D:15)
  9 water elementals
  45 yaks
  A human (shapeshifter) (D:13)
  2 humans (D:9)
  6 basilisks
  9 vampire mosquitoes
  3 steam dragons
  24 redbacks
  3 wargs (Orc:2)
  3 acid dragons
  A human skeleton (D:15)
  21 water moccasins
  An ice beast (D:6)
  A sky beast (D:8)
  6 black bears
  30 orc warriors
  16 wolves
  13 centaurs
  6 ogres
  3 boggarts (D:15)
  A phantom (D:3)
  2 kobold brigands
  21 bullfrogs
  3 gnoll sergeants
  6 scorpions
  2 two-headed ogre simulacra (D:11)
  3 wights (D:8)
  31 killer bees
  5 electric eels (Lair:5)
  2 vampire bats (D:4)
  8 howler monkeys
  24 orc priests
  4 hounds
  3 sleepcaps
  4 iguanas
  23 orc wizards
  Natasha (D:1)
  3 troll simulacra (D:11)
  4 hell rats
  Robin (D:4)
  17 gnolls
  7 adders
  3 worms
  4 dart slugs
  66 orcs
  12 ball pythons
  2 bat skeletons (D:4)
  2 bat zombies (D:4)
  5 endoplasms
  3 giant cockroaches
  15 goblins
  6 hobgoblins
  4 jackals (D:2)
  13 kobolds
  3 quokkas
  4 bats
  4 frilled lizards (D:3)
  3 rats
834 creatures vanquished.

Vanquished Creatures (others)
  A two-headed ogre (D:12)
  A cyclops (D:12)
  A komodo dragon (D:12)
  A kobold demonologist (D:12)
  A troll (D:12)
  A slime creature (D:13)
  A centaur (D:12)
  2 howler monkeys (D:12)
  A butterfly (D:7)
10 creatures vanquished.

Grand Total: 844 creatures vanquished

Notes
Turn   | Place    | Note
-------+----------+-------------------------------------------
     0 | D:1      | qw the Naga Hunter began the quest for the Orb.
     0 | D:1      | Reached XP level 1. HP: 19/19 MP: 1/1
     0 | D:1      | 0 ||| qw: Version: 0.2-a-123-gb51047a
     0 | D:1      | 0 ||| qw: Game counter: 3695
     0 | D:1      | 0 ||| qw: Always use a shield: true
     0 | D:1      | 0 ||| qw: God list: Okawaru
     0 | D:1      | 0 ||| qw: Allow faded altars: false
     0 | D:1      | 0 ||| qw: Do Orc after D:15 true
     0 | D:1      | 0 ||| qw: Do second Lair branch before Depths: true
     0 | D:1      | 0 ||| qw: Lair rune preference: random
     0 | D:1      | 0 ||| qw: Plans: Normal
     0 | D:1      | 0 ||| PLANNING D:1-11
    28 | D:1      | 28 ||| INVOKING Spit Poison.
    61 | D:1      | Found Moaga's Magic Scroll Boutique.
    74 | D:1      | 74 ||| SHOPLISTING scroll of enchant armour (105 gold, have
                  | 15).
    74 | D:1      | 74 ||| SHOPLISTING scroll of identify (28 gold, have 15).
    74 | D:1      | 74 ||| SHOPLISTING scroll of teleportation (42 gold, have
                  | 15).
    94 | D:1      | 94 ||| INVOKING Spit Poison.
   158 | D:1      | Found a faded altar of an unknown god.
   376 | D:1      | Reached skill level 4 in Ranged Weapons
   376 | D:1      | Reached XP level 2. HP: 26/26 MP: 2/2
   406 | D:1      | 406 ||| INVOKING Spit Poison.
   466 | D:1      | 466 ||| INVOKING Spit Poison.
   509 | D:1      | 509 ||| INVOKING Spit Poison.
   627 | D:1      | 627 ||| READING scroll labelled OLATI ESUINEM.
   632 | D:1      | 632 ||| READING scroll labelled YTINEUSSACH.
   633 | D:1      | 633 ||| READING scroll labelled GOREMO CUV.
   634 | D:1      | 634 ||| DROPPING scroll of butterflies.
   658 | D:2      | Noticed Natasha
   659 | D:2      | 659 ||| INVOKING Spit Poison.
   660 | D:2      | 660 ||| STAIRDANCE
   764 | D:2      | 764 ||| INVOKING Spit Poison.
   765 | D:2      | 765 ||| STAIRDANCE
   769 | D:1      | HP: 4/26 [Natasha (5)]
   770 | D:1      | 770 ||| INVOKING Spit Poison.
   770 | D:1      | Killed Natasha
   771 | D:1      | Reached XP level 3. HP: 5/32 MP: 3/3
   884 | D:2      | 884 ||| INVOKING Spit Poison.
   970 | D:2      | 970 ||| INVOKING Spit Poison.
   981 | D:2      | 981 ||| INVOKING Spit Poison.
   984 | D:2      | 984 ||| INVOKING Spit Poison.
  1040 | D:2      | 1040 ||| INVOKING Spit Poison.
  1071 | D:2      | 1071 ||| INVOKING Spit Poison.
  1084 | D:2      | 1084 ||| INVOKING Spit Poison.
  1090 | D:2      | 1090 ||| INVOKING Spit Poison.
  1093 | D:2      | Reached skill level 5 in Ranged Weapons
  1093 | D:2      | Reached XP level 4. HP: 16/39 MP: 4/4
  1239 | D:2      | 1239 ||| INVOKING Spit Poison.
  1337 | D:2      | Identified the +0 robe "Geariuf" {Int+5 Stlth+}
  1405 | D:2      | 1405 ||| INVOKING Spit Poison.
  1409 | D:2      | 1409 ||| INVOKING Spit Poison.
  1423 | D:2      | 1423 ||| INVOKING Spit Poison.
  1439 | D:2      | 1439 ||| INVOKING Spit Poison.
  1442 | D:2      | 1442 ||| INVOKING Spit Poison.
  1447 | D:2      | 1447 ||| INVOKING Spit Poison.
  1536 | D:2      | 1536 ||| INVOKING Spit Poison.
  1560 | D:2      | 1560 ||| INVOKING Spit Poison.
  1766 | D:2      | 1766 ||| DROPPING +0 robe "Geariuf" {Int+5 Stlth+}.
  1767 | D:2      | 1767 ||| READING scroll labelled DIECHO QUEFFOP.
  1768 | D:2      | 1768 ||| DRINKING 3 puce potions.
  1842 | D:3      | 1842 ||| INVOKING Spit Poison.
  1846 | D:3      | 1846 ||| INVOKING Spit Poison.
  1847 | D:3      | 1847 ||| INVOKING Spit Poison.
  1850 | D:3      | 1850 ||| INVOKING Spit Poison.
  1855 | D:3      | 1855 ||| INVOKING Spit Poison.
  1937 | D:3      | 1937 ||| INVOKING Spit Poison.
  1940 | D:3      | 1940 ||| INVOKING Spit Poison.
  2036 | D:3      | 2036 ||| INVOKING Spit Poison.
  2037 | D:3      | 2037 ||| INVOKING Spit Poison.
  2043 | D:3      | 2043 ||| INVOKING Spit Poison.
  2048 | D:3      | 2048 ||| INVOKING Spit Poison.
  2051 | D:3      | 2051 ||| INVOKING Spit Poison.
  2054 | D:3      | 2054 ||| INVOKING Spit Poison.
  2058 | D:3      | Noticed a phantom
  2069 | D:3      | Killed a phantom
  2070 | D:3      | Reached XP level 5. HP: 36/50 MP: 5/5
  2131 | D:3      | 2131 ||| INVOKING Spit Poison.
  2162 | D:3      | 2162 ||| INVOKING Spit Poison.
  2166 | D:3      | 2166 ||| INVOKING Spit Poison.
  2237 | D:3      | 2237 ||| INVOKING Spit Poison.
  2254 | D:3      | Found a glowing golden altar of the Shining One.
  2256 | D:3      | 2256 ||| INVOKING Spit Poison.
  2405 | D:3      | 2405 ||| INVOKING Spit Poison.
  2421 | D:3      | 2421 ||| INVOKING Spit Poison.
  2427 | D:3      | 2427 ||| INVOKING Spit Poison.
  2462 | D:3      | 2462 ||| UPGRADING to ring of protection from fire.
  2463 | D:3      | 2463 ||| READING scroll labelled YPHUAZX FUNUIM.
  2464 | D:3      | 2464 ||| READING 2 scrolls of identify.
  2464 | D:3      | 2464 ||| IDENTIFYING purple potion
  2490 | D:4      | 2490 ||| INVOKING Spit Poison.
  2504 | D:4      | Found Hoidwaof's Antique Weapon Boutique.
  2524 | D:4      | 2524 ||| INVOKING Spit Poison.
  2528 | D:4      | 2528 ||| INVOKING Spit Poison.
  2529 | D:4      | Reached XP level 6. HP: 51/57 MP: 6/6
  2551 | D:4      | 2551 ||| INVOKING Spit Poison.
  2556 | D:4      | 2556 ||| INVOKING Spit Poison.
  2560 | D:4      | 2560 ||| INVOKING Spit Poison.
  2565 | D:4      | 2565 ||| INVOKING Spit Poison.
  2629 | D:4      | 2629 ||| INVOKING Spit Poison.
  2635 | D:4      | 2635 ||| INVOKING Spit Poison.
  2640 | D:4      | 2640 ||| INVOKING Spit Poison.
  2747 | D:4      | 2747 ||| Stepping ~*~*~tactically~*~*~ (outnumbered).
  2748 | D:4      | 2748 ||| INVOKING Spit Poison.
  2752 | D:4      | 2752 ||| INVOKING Spit Poison.
  2757 | D:4      | Reached skill level 6 in Ranged Weapons
  2758 | D:4      | 2758 ||| INVOKING Spit Poison.
  2786 | D:4      | 2786 ||| INVOKING Spit Poison.
  2792 | D:4      | 2792 ||| INVOKING Spit Poison.
  2797 | D:4      | 2797 ||| INVOKING Spit Poison.
  2815 | D:4      | 2815 ||| INVOKING Spit Poison.
  2836 | D:4      | 2836 ||| INVOKING Spit Poison.
  2840 | D:4      | 2840 ||| INVOKING Spit Poison.
  2870 | D:4      | Found a broken altar of Ashenzari.
  2891 | D:4      | 2891 ||| INVOKING Spit Poison.
  2897 | D:4      | 2897 ||| INVOKING Spit Poison.
  2902 | D:4      | 2902 ||| INVOKING Spit Poison.
  2906 | D:4      | Reached XP level 7. HP: 58/64 MP: 7/7
  2933 | D:4      | 2933 ||| SWAPPING to +0 arbalest.
  2934 | D:4      | 2934 ||| DROPPING +0 shortbow.
  2952 | D:4      | 2952 ||| INVOKING Spit Poison.
  2963 | D:4      | 2963 ||| INVOKING Spit Poison.
  2966 | D:4      | 2966 ||| INVOKING Spit Poison.
  3013 | D:4      | Noticed Robin
  3014 | D:4      | 3014 ||| Stepping ~*~*~tactically~*~*~ (outnumbered).
  3015 | D:4      | 3015 ||| INVOKING Spit Poison.
  3018 | D:4      | 3018 ||| Stepping ~*~*~tactically~*~*~ (outnumbered).
  3019 | D:4      | 3019 ||| INVOKING Spit Poison.
  3022 | D:4      | 3022 ||| INVOKING Spit Poison.
  3024 | D:4      | Killed Robin
  3025 | D:4      | 3025 ||| INVOKING Spit Poison.
  3028 | D:4      | 3028 ||| INVOKING Spit Poison.
  3031 | D:4      | 3031 ||| INVOKING Spit Poison.
  3036 | D:4      | 3036 ||| INVOKING Spit Poison.
  3042 | D:4      | 3042 ||| INVOKING Spit Poison.
  3047 | D:4      | 3047 ||| INVOKING Spit Poison.
  3050 | D:4      | 3050 ||| INVOKING Spit Poison.
  3055 | D:4      | 3055 ||| INVOKING Spit Poison.
  3058 | D:4      | Reached skill level 7 in Ranged Weapons
  3082 | D:4      | 3082 ||| INVOKING Spit Poison.
  3088 | D:4      | 3088 ||| INVOKING Spit Poison.
  3120 | D:4      | 3120 ||| INVOKING Spit Poison.
  3166 | D:4      | 3166 ||| INVOKING Spit Poison.
  3169 | D:4      | Found Suris's Book Emporium.
  3169 | D:4      | Found Garrut's Antique Weapon Shoppe.
  3230 | D:4      | 3230 ||| INVOKING Spit Poison.
  3256 | D:4      | Found an ancient bone altar of Kikubaaqudgha.
  3359 | D:4      | 3359 ||| INVOKING Spit Poison.
  3362 | D:4      | 3362 ||| UPGRADING to +0 helmet.
  3367 | D:4      | 3367 ||| READING 3 scrolls labelled SAIRHO DIPNUPA.
  3468 | D:4      | 3468 ||| DROPPING 2 scrolls of silence.
  3489 | D:5      | Entered Level 5 of the Dungeon
  3531 | D:5      | 3531 ||| INVOKING Spit Poison.
  3564 | D:5      | 3564 ||| INVOKING Spit Poison.
  3652 | D:5      | 3652 ||| INVOKING Spit Poison.
  3778 | D:5      | 3778 ||| INVOKING Spit Poison.
  3821 | D:5      | 3821 ||| INVOKING Spit Poison.
  3826 | D:5      | 3826 ||| INVOKING Spit Poison.
  3829 | D:5      | 3829 ||| INVOKING Spit Poison.
  4001 | D:5      | 4001 ||| INVOKING Spit Poison.
  4002 | D:5      | 4002 ||| Stepping ~*~*~tactically~*~*~ (outnumbered).
  4004 | D:5      | 4004 ||| Stepping ~*~*~tactically~*~*~ (outnumbered).
  4005 | D:5      | 4005 ||| INVOKING Spit Poison.
  4009 | D:5      | 4009 ||| INVOKING Spit Poison.
  4012 | D:5      | 4012 ||| INVOKING Spit Poison.
  4100 | D:5      | 4100 ||| INVOKING Spit Poison.
  4102 | D:5      | Reached skill level 8 in Ranged Weapons
  4102 | D:5      | Reached XP level 8. HP: 72/72 MP: 8/8
  4131 | D:5      | 4131 ||| INVOKING Spit Poison.
  4134 | D:5      | 4134 ||| INVOKING Spit Poison.
  4208 | D:5      | 4208 ||| UPGRADING to +0 pair of gloves.
  4213 | D:5      | 4213 ||| UPGRADING to +0 cloak.
  4219 | D:5      | 4219 ||| DRINKING 2 sapphire potions.
  4220 | D:5      | 4220 ||| READING 3 scrolls of identify.
  4220 | D:5      | 4220 ||| IDENTIFYING coppery potion
  4221 | D:5      | 4221 ||| READING 2 scrolls of identify.
  4221 | D:5      | 4221 ||| IDENTIFYING viscous emerald potion
  4222 | D:5      | 4222 ||| DROPPING potion of attraction.
  4223 | D:5      | 4223 ||| DROPPING potion of brilliance.
  4224 | D:5      | 4224 ||| INVOKING Spit Poison.
  4227 | D:5      | Reached skill level 1 in Armour
  4254 | D:5      | 4254 ||| DRINKING 2 ruby potions.
  4255 | D:5      | 4255 ||| DROPPING potion of degeneration.
  4258 | D:5      | 4258 ||| INVOKING Spit Poison.
  4261 | D:5      | 4261 ||| INVOKING Spit Poison.
  4541 | D:5      | Identified the ring of Fodibogh {rF++ rC+ AC+4}
  4554 | D:5      | 4554 ||| UPGRADING to ring of Fodibogh {rF++ rC+ AC+4}.
  4555 | D:5      | 4555 ||| READING 2 scrolls of identify.
  4555 | D:5      | 4555 ||| IDENTIFYING glowing brown potion
  4556 | D:5      | 4556 ||| DROPPING potion of lignification.
  4591 | D:6      | 4591 ||| INVOKING Spit Poison.
  4596 | D:6      | 4596 ||| INVOKING Spit Poison.
  4601 | D:6      | Found a radiant altar of Vehumet.
  4605 | D:6      | 4605 ||| INVOKING Spit Poison.
  4706 | D:6      | 4706 ||| INVOKING Spit Poison.
  4711 | D:6      | 4711 ||| INVOKING Spit Poison.
  4747 | D:6      | Found a staircase to the Ecumenical Temple.
  4748 | D:6      | 4748 ||| PLANNING TEMPLE
  4767 | D:6      | 4767 ||| INVOKING Spit Poison.
  4771 | D:6      | 4771 ||| INVOKING Spit Poison.
  4773 | D:6      | Reached skill level 9 in Ranged Weapons
  4774 | D:6      | 4774 ||| INVOKING Spit Poison.
  4805 | D:6      | 4805 ||| INVOKING Spit Poison.
  4886 | D:6      | Found a burning altar of Makhleb.
  5003 | D:6      | 5003 ||| READING 2 scrolls labelled JUIMIH RE TEL.
  5004 | D:6      | 5004 ||| READING 2 scrolls of identify.
  5004 | D:6      | 5004 ||| IDENTIFYING bubbling black potion
  5005 | D:6      | 5005 ||| DROPPING scroll of noise.
  5006 | D:6      | 5006 ||| DROPPING potion of berserk rage.
  5006 | D:6      | Noticed a wyvern
  5012 | Temple   | Entered the Ecumenical Temple
  5038 | Temple   | 5038 ||| PLANNING D:1-11
  5059 | D:6      | 5059 ||| INVOKING Spit Poison.
  5061 | D:6      | Killed a wyvern
  5062 | D:6      | Reached skill level 6 in Fighting
  5091 | D:6      | 5091 ||| INVOKING Spit Poison.
  5095 | D:6      | Reached XP level 9. HP: 77/84 MP: 9/9
  5175 | D:6      | Found a sacrificial altar of Ru.
  5233 | D:6      | 5233 ||| INVOKING Spit Poison.
  5307 | D:6      | 5307 ||| INVOKING Spit Poison.
  5308 | D:6      | 5308 ||| Stepping ~*~*~tactically~*~*~ (outnumbered).
  5312 | D:6      | Reached skill level 3 in Dodging
  5312 | D:6      | 5312 ||| INVOKING Spit Poison.
  5478 | D:7      | Found a basalt altar of Yredelemnul.
  5490 | D:7      | 5490 ||| INVOKING Spit Poison.
  5491 | D:7      | Noticed Pikel
  5495 | D:7      | 5495 ||| INVOKING Spit Poison.
  5501 | D:7      | 5501 ||| INVOKING Spit Poison.
  5504 | D:7      | 5504 ||| INVOKING Spit Poison.
  5508 | D:7      | Killed Pikel
  5529 | D:7      | 5529 ||| INVOKING Spit Poison.
  5536 | D:7      | 5536 ||| INVOKING Spit Poison.
  5538 | D:7      | Reached skill level 10 in Ranged Weapons
  5540 | D:7      | 5540 ||| INVOKING Spit Poison.
  5544 | D:7      | 5544 ||| INVOKING Spit Poison.
  5550 | D:7      | 5550 ||| INVOKING Spit Poison.
  5556 | D:7      | 5556 ||| INVOKING Spit Poison.
  5657 | D:7      | 5657 ||| INVOKING Spit Poison.
  5688 | D:7      | Noticed Maggie
  5689 | D:7      | 5689 ||| INVOKING Spit Poison.
  5693 | D:7      | 5693 ||| INVOKING Spit Poison.
  5697 | D:7      | 5697 ||| INVOKING Spit Poison.
  5699 | D:7      | Killed Maggie
  5836 | D:7      | Found a snail-covered altar of Cheibriados.
  5837 | D:7      | 5837 ||| INVOKING Spit Poison.
  5841 | D:7      | Identified the ring "Olorinna" {MP+9 Str+4 Dex+6}
  5915 | D:7      | 5915 ||| INVOKING Spit Poison.
  5935 | D:7      | 5935 ||| INVOKING Spit Poison.
  5939 | D:7      | 5939 ||| INVOKING Spit Poison.
  5951 | D:7      | Found a white marble altar of Elyvilon.
  6191 | D:7      | Reached skill level 11 in Ranged Weapons
  6216 | D:7      | Found a runed translucent door.
  6217 | D:7      | Noticed Crazy Yiuf
  6388 | D:7      | 6388 ||| UPGRADING to +1 steam dragon scales.
  6398 | D:7      | 6398 ||| DROPPING +0 leather armour.
  6399 | D:7      | 6399 ||| DROPPING amulet of magic regeneration.
  6400 | D:7      | 6400 ||| UPGRADING to ring "Olorinna" {MP+9 Str+4 Dex+6}.
  6458 | D:7      | 6458 ||| DROPPING ring of protection from fire.
  6459 | D:7      | 6459 ||| READING scroll labelled WUKYASH QAFA.
  6460 | D:7      | 6460 ||| READING scroll labelled LALAOZ XESIU.
  6581 | D:7      | 6581 ||| READING scroll labelled ALILAN FEPHIRCH.
  6582 | D:7      | 6582 ||| DRINKING 2 fuming puce potions.
  6583 | D:7      | 6583 ||| DRINKING 2 bubbling silvery potions.
  6584 | D:7      | 6584 ||| DROPPING potion of enlightenment.
  6687 | D:8      | 6687 ||| INVOKING Spit Poison.
  6690 | D:8      | Reached XP level 10. HP: 94/94 MP: 10/10
  6702 | D:8      | 6702 ||| INVOKING Spit Poison.
  6714 | D:8      | 6714 ||| INVOKING Spit Poison.
  6719 | D:8      | 6719 ||| INVOKING Spit Poison.
  6723 | D:8      | 6723 ||| INVOKING Spit Poison.
  6743 | D:8      | 6743 ||| INVOKING Spit Poison.
  6806 | D:8      | 6806 ||| INVOKING Spit Poison.
  6810 | D:8      | Found a staircase to the Lair.
  6822 | D:8      | 6822 ||| INVOKING Spit Poison.
  6828 | D:8      | 6828 ||| INVOKING Spit Poison.
  6840 | D:8      | 6840 ||| Stepping ~*~*~tactically~*~*~ (outnumbered).
  6842 | D:8      | 6842 ||| Stepping ~*~*~tactically~*~*~ (outnumbered).
  6844 | D:8      | 6844 ||| INVOKING Spit Poison.
  6847 | D:8      | 6847 ||| Stepping ~*~*~tactically~*~*~ (outnumbered).
  6849 | D:8      | 6849 ||| INVOKING Spit Poison.
  6851 | D:8      | 6851 ||| Stepping ~*~*~tactically~*~*~ (outnumbered).
  6855 | D:8      | 6855 ||| INVOKING Spit Poison.
  6861 | D:8      | 6861 ||| INVOKING Spit Poison.
  6874 | D:8      | 6874 ||| INVOKING Spit Poison.
  6884 | D:8      | 6884 ||| INVOKING Spit Poison.
  7067 | D:8      | 7067 ||| INVOKING Spit Poison.
  7174 | D:8      | Identified the +5 long sword "Feer Mit" {antimagic, rPois}
  7198 | D:8      | 7198 ||| INVOKING Spit Poison.
  7218 | D:8      | Found Rongeu's Weapon Shoppe.
  7256 | D:8      | 7256 ||| INVOKING Spit Poison.
  7414 | D:8      | 7414 ||| INVOKING Spit Poison.
  7418 | D:8      | 7418 ||| INVOKING Spit Poison.
  7502 | D:8      | 7502 ||| INVOKING Spit Poison.
  7506 | D:8      | 7506 ||| INVOKING Spit Poison.
  7511 | D:8      | 7511 ||| INVOKING Spit Poison.
  7592 | D:8      | 7592 ||| READING scroll labelled PAFUIKL VUTAIN.
  7593 | D:8      | 7593 ||| READING scroll labelled UDYRHA VYKUES.
  7594 | D:8      | 7594 ||| READING scroll labelled QAUXTU JAUPH.
  7595 | D:8      | 7595 ||| READING 4 scrolls of identify.
  7595 | D:8      | 7595 ||| IDENTIFYING emerald potion
  7596 | D:8      | 7596 ||| READING 3 scrolls of identify.
  7596 | D:8      | 7596 ||| IDENTIFYING inky potion
  7597 | D:8      | 7597 ||| READING 2 scrolls of identify.
  7597 | D:8      | 7597 ||| IDENTIFYING lumpy orange potion
  7598 | D:8      | 7598 ||| DROPPING potion of magic.
  7659 | D:9      | Found an iron altar of Okawaru.
  7660 | D:9      | 7660 ||| PLANNING OKAWARU WORSHIP
  7660 | D:9      | 7660 ||| READING scroll labelled HUACEL MAUTI.
  7664 | D:9      | 7664 ||| INVOKING Spit Poison.
  7668 | D:9      | 7668 ||| INVOKING Spit Poison.
  7685 | D:9      | Became a worshipper of Warmaster Okawaru
  7685 | D:9      | 7685 ||| PLANNING D:1-11
  7705 | D:9      | Noticed a two-headed ogre
  7708 | D:9      | 7708 ||| INVOKING Spit Poison.
  7709 | D:9      | Killed a two-headed ogre
  7709 | D:9      | Reached * piety under Okawaru
  7710 | D:9      | Reached skill level 12 in Ranged Weapons
  7746 | D:9      | 7746 ||| Stepping ~*~*~tactically~*~*~ (outnumbered).
  7748 | D:9      | 7748 ||| Stepping ~*~*~tactically~*~*~ (outnumbered).
  7749 | D:9      | 7749 ||| Stepping ~*~*~tactically~*~*~ (outnumbered).
  7750 | D:9      | 7750 ||| INVOKING Spit Poison.
  7755 | D:9      | 7755 ||| INVOKING Spit Poison.
  7782 | D:9      | Reached skill level 1 in Invocations
  8008 | D:9      | Found a shimmering blue altar of Sif Muna.
  8051 | D:9      | Found Vimparuz's Self-Improvement Boutique.
  8074 | D:9      | 8074 ||| INVOKING Spit Poison.
  8120 | D:9      | Found a runed translucent door.
  8120 | D:9      | Found a shimmering altar of Xom.
  8120 | D:9      | Noticed qw's ghost (journeyman NaHu)
  8121 | D:9      | Noticed a +2 war axe of chaos
  8374 | D:9      | 8374 ||| PLANNING LAIR
  8374 | D:9      | 8374 ||| DROPPING ring of resist corrosion.
  8375 | D:9      | 8375 ||| DROPPING ring of fire.
  8376 | D:9      | 8376 ||| READING scroll labelled QIADDI NIOXZUU.
  8427 | Lair:1   | Entered Level 1 of the Lair of Beasts
  8430 | Lair:1   | 8430 ||| INVOKING Spit Poison.
  8444 | Lair:1   | 8444 ||| INVOKING Spit Poison.
  8447 | Lair:1   | Reached XP level 11. HP: 103/103 MP: 12/12
  8449 | Lair:1   | 8449 ||| INVOKING Spit Poison.
  8453 | Lair:1   | 8453 ||| INVOKING Spit Poison.
  8456 | Lair:1   | 8456 ||| INVOKING Spit Poison.
  8458 | Lair:1   | Reached skill level 3 in Armour
  8462 | Lair:1   | 8462 ||| INVOKING Spit Poison.
  8508 | Lair:1   | 8508 ||| INVOKING Heroism.
  8510 | Lair:1   | 8510 ||| INVOKING Spit Poison.
  8516 | Lair:1   | Reached skill level 3 in Invocations
  8545 | Lair:1   | 8545 ||| INVOKING Heroism.
  8548 | Lair:1   | 8548 ||| INVOKING Spit Poison.
  8700 | Lair:1   | 8700 ||| INVOKING Spit Poison.
  8707 | Lair:1   | 8707 ||| INVOKING Spit Poison.
  8711 | Lair:1   | 8711 ||| INVOKING Spit Poison.
  8837 | Lair:1   | 8837 ||| INVOKING Heroism.
  9055 | Lair:1   | Reached ** piety under Okawaru
  9058 | Lair:1   | 9058 ||| INVOKING Spit Poison.
  9064 | Lair:1   | 9064 ||| INVOKING Spit Poison.
  9068 | Lair:1   | 9068 ||| INVOKING Spit Poison.
  9073 | Lair:1   | 9073 ||| INVOKING Spit Poison.
  9182 | Lair:1   | 9182 ||| READING scroll of enchant weapon.
  9182 | Lair:1   | 9182 ||| ENCHANTING +1 arbalest of flaming.
  9414 | Lair:1   | 9414 ||| READING scroll labelled ANTOMUTISM.
  9415 | Lair:1   | 9415 ||| READING scroll labelled IXUHIS BOBRIWN.
  9415 | Lair:1   | Identified a scroll of acquirement
  9415 | Lair:1   | 9415 ||| ACQUIRING +2 barding of Wietudiu {Str+3}
  9415 | Lair:1   | Acquired the +2 barding of Wietudiu {Str+3}
  9417 | Lair:1   | 9417 ||| UPGRADING to +2 barding of Wietudiu {Str+3}.
  9475 | Lair:2   | 9475 ||| INVOKING Heroism.
  9507 | Lair:2   | 9507 ||| INVOKING Heroism.
  9568 | Lair:2   | 9568 ||| INVOKING Heroism.
  9589 | Lair:2   | 9589 ||| INVOKING Heroism.
  9628 | Lair:2   | Noticed an eight-headed hydra
  9629 | Lair:2   | 9629 ||| INVOKING Heroism.
  9632 | Lair:2   | Killed an eight-headed hydra
  9633 | Lair:2   | Reached skill level 13 in Ranged Weapons
  9646 | Lair:2   | 9646 ||| INVOKING Spit Poison.
  9649 | Lair:2   | 9649 ||| INVOKING Heroism.
  9652 | Lair:2   | 9652 ||| INVOKING Spit Poison.
  9659 | Lair:2   | 9659 ||| INVOKING Spit Poison.
  9664 | Lair:2   | 9664 ||| INVOKING Spit Poison.
  9668 | Lair:2   | 9668 ||| INVOKING Spit Poison.
  9672 | Lair:2   | 9672 ||| INVOKING Heroism.
  9673 | Lair:2   | 9673 ||| INVOKING Spit Poison.
  9676 | Lair:2   | 9676 ||| INVOKING Spit Poison.
  9679 | Lair:2   | Reached skill level 6 in Dodging
  9682 | Lair:2   | 9682 ||| INVOKING Spit Poison.
  9683 | Lair:2   | Reached *** piety under Okawaru
  9890 | Lair:2   | 9890 ||| DRINKING potion of cancellation.
  9891 | Lair:2   | 9891 ||| INVOKING Spit Poison.
  9908 | Lair:2   | 9908 ||| INVOKING Heroism.
  9909 | Lair:2   | 9909 ||| INVOKING Spit Poison.
  9923 | Lair:2   | 9923 ||| INVOKING Spit Poison.
  9934 | Lair:2   | Noticed an eight-headed hydra
  9935 | Lair:2   | 9935 ||| INVOKING Heroism.
  9936 | Lair:2   | 9936 ||| INVOKING Spit Poison.
  9943 | Lair:2   | 9943 ||| INVOKING Spit Poison.
  9945 | Lair:2   | Killed an eight-headed hydra
  9946 | Lair:2   | Reached skill level 9 in Fighting
  9946 | Lair:2   | Reached XP level 12. HP: 114/114 MP: 15/15
  9965 | Lair:2   | Found a staircase to the Shoals.
 10105 | Lair:2   | 10105 ||| INVOKING Heroism.
 10413 | Lair:2   | 10413 ||| DROPPING +6 ring of strength.
 10443 | Lair:3   | 10443 ||| STAIRDANCE
 10447 | Lair:2   | 10447 ||| INVOKING Heroism.
 10465 | Lair:2   | 10465 ||| INVOKING Heroism.
 10467 | Lair:2   | HP: 26/114 [wolf (7)]
 10468 | Lair:2   | 10468 ||| READING 6 scrolls of teleportation.
 10469 | Lair:2   | 10469 ||| DRINKING 3 potions of heal wounds.
 10703 | Lair:3   | 10703 ||| INVOKING Heroism.
 10726 | Lair:3   | 10726 ||| INVOKING Heroism.
 10773 | Lair:3   | 10773 ||| SWAPPING to +0 longbow.
 10816 | Lair:3   | Reached skill level 14 in Ranged Weapons
 10818 | Lair:3   | 10818 ||| INVOKING Heroism.
 11038 | Lair:3   | 11038 ||| INVOKING Heroism.
 11254 | Lair:3   | 11254 ||| INVOKING Heroism.
 11259 | Lair:3   | 11259 ||| Stepping ~*~*~tactically~*~*~ (outnumbered).
 11325 | Lair:3   | Found a hole to the Spider Nest.
 11459 | Lair:3   | 11459 ||| READING 4 scrolls of identify.
 11459 | Lair:3   | 11459 ||| IDENTIFYING metallic ruby potion
 11460 | Lair:3   | 11460 ||| READING 3 scrolls of identify.
 11460 | Lair:3   | 11460 ||| IDENTIFYING orange potion
 11461 | Lair:3   | 11461 ||| DROPPING potion of invisibility.
 11562 | Lair:4   | Noticed an eight-headed hydra
 11563 | Lair:4   | 11563 ||| INVOKING Heroism.
 11571 | Lair:4   | Killed an eight-headed hydra
 11617 | Lair:4   | Noticed a skyshark
 11625 | Lair:4   | Killed a skyshark
 11717 | Lair:4   | Reached **** piety under Okawaru
 11729 | Lair:4   | Noticed a six-headed hydra
 11730 | Lair:4   | 11730 ||| INVOKING Heroism.
 11736 | Lair:4   | Killed a six-headed hydra
 11819 | Lair:4   | 11819 ||| INVOKING Heroism.
 11825 | Lair:4   | Gained mutation: You can use your snake-like lower body to
                  | constrict enemies. [Naga growth]
 11825 | Lair:4   | Reached XP level 13. HP: 72/123 MP: 16/16
 12069 | Lair:4   | 12069 ||| INVOKING Heroism.
 12706 | Lair:5   | Entered Level 5 of the Lair of Beasts
 12712 | Lair:5   | 12712 ||| INVOKING Heroism.
 12716 | Lair:5   | Reached skill level 6 in Invocations
 12732 | Lair:5   | 12732 ||| STAIRDANCE
 12744 | Lair:4   | HP: 27/117 [hell rat (5)]
 12745 | Lair:4   | 12745 ||| READING 6 scrolls of teleportation.
 12746 | Lair:4   | 12746 ||| DRINKING 2 potions of heal wounds.
 12748 | Lair:4   | 12748 ||| INVOKING Heroism.
 12963 | Lair:5   | 12963 ||| INVOKING Heroism.
 13070 | Lair:5   | 13070 ||| INVOKING Heroism.
 13079 | Lair:5   | Reached skill level 15 in Ranged Weapons
 13123 | Lair:5   | 13123 ||| INVOKING Heroism.
 13200 | Lair:5   | 13200 ||| INVOKING Heroism.
 13266 | Lair:5   | 13266 ||| INVOKING Heroism.
 13292 | Lair:5   | 13292 ||| READING scroll of brand weapon.
 13292 | Lair:5   | 13292 ||| BRANDING +0 longbow.
 13307 | Lair:5   | 13307 ||| INVOKING Heroism.
 13334 | Lair:5   | 13334 ||| INVOKING Heroism.
 13376 | Lair:5   | 13376 ||| INVOKING Heroism.
 13444 | Lair:5   | Reached ***** piety under Okawaru
 13623 | Lair:5   | 13623 ||| INVOKING Heroism.
 13683 | Lair:5   | 13683 ||| INVOKING Heroism.
 13756 | Lair:5   | Identified the +0 leather armour of Limited Liability
                  | {Stlth+}
 13841 | Lair:5   | 13841 ||| INVOKING Heroism.
 13844 | Lair:5   | Reached skill level 9 in Invocations
 13928 | Lair:5   | Found a viscous altar of Jiyva.
 13929 | Lair:5   | 13929 ||| INVOKING Heroism.
 13930 | Lair:5   | 13930 ||| INVOKING Finesse.
 13967 | Lair:5   | 13967 ||| INVOKING Heroism.
 14057 | Lair:5   | Found a staircase to the Slime Pits.
 14280 | Lair:5   | Reached XP level 14. HP: 132/132 MP: 21/21
 14295 | Lair:5   | 14295 ||| PLANNING D:1-11
 14295 | Lair:5   | 14295 ||| DROPPING +0 leather armour of Limited Liability
                  | {Stlth+}.
 14560 | D:10     | Entered Level 10 of the Dungeon
 14561 | D:10     | Found Neosu's Magic Scroll Emporium.
 14565 | D:10     | 14565 ||| BUYING scroll of identify (24 gold).
 14565 | D:10     | Bought a scroll of identify for 24 gold pieces
 14565 | D:10     | 14565 ||| BUYING scroll of identify (24 gold).
 14565 | D:10     | Bought a scroll of identify for 24 gold pieces
 14565 | D:10     | 14565 ||| BUYING scroll of identify (24 gold).
 14565 | D:10     | Bought a scroll of identify for 24 gold pieces
 14565 | D:10     | 14565 ||| BUYING scroll of identify (24 gold).
 14565 | D:10     | Bought a scroll of identify for 24 gold pieces
 14565 | D:10     | 14565 ||| BUYING scroll of identify (24 gold).
 14565 | D:10     | Bought a scroll of identify for 24 gold pieces
 14565 | D:10     | 14565 ||| BUYING scroll of teleportation (36 gold).
 14565 | D:10     | Bought a scroll of teleportation for 36 gold pieces
 14565 | D:10     | 14565 ||| BUYING scroll of teleportation (36 gold).
 14565 | D:10     | Bought a scroll of teleportation for 36 gold pieces
 14587 | D:10     | 14587 ||| Stepping ~*~*~tactically~*~*~ (outnumbered).
 14675 | D:10     | Found Lakey's Antique Weapon Shoppe.
 14697 | D:10     | Found a staircase to the Orcish Mines.
 14727 | D:10     | Noticed qw's ghost (novice MiHu)
 14728 | D:10     | Found a transporter.
 14729 | D:10     | Identified the +10 dire flail of the Rat {heavy, rPois rN++
                  | Dex-3 Stlth+}
 14729 | D:10     | Identified the +5 great mace of the Wasteland {pain, Contam
                  | rN++ Will++}
 14791 | D:10     | Found a sparkling altar of Nemelex Xobeh.
 14892 | D:10     | 14892 ||| INVOKING Heroism.
 14975 | D:10     | 14975 ||| INVOKING Heroism.
 15151 | D:10     | Found a hazy altar of Hepliaklqana.
 15165 | D:10     | Found a glowing silver altar of Zin.
 15395 | D:10     | Found a transporter.
 15449 | D:10     | Reached skill level 16 in Ranged Weapons
 15475 | D:10     | Found Qehujun's Antique Weapon Emporium.
 15722 | D:11     | 15722 ||| INVOKING Heroism.
 15723 | D:11     | 15723 ||| INVOKING Finesse.
 15843 | D:11     | Noticed Nergalle
 15848 | D:11     | Killed Nergalle
 15849 | D:11     | Reached skill level 6 in Armour
 16229 | D:11     | 16229 ||| PLANNING D
 16229 | D:11     | 16229 ||| UPGRADING to +0 troll leather armour.
 16239 | D:11     | 16239 ||| DROPPING +1 steam dragon scales.
 16240 | D:11     | 16240 ||| DROPPING +2 robe of willpower.
 16262 | D:12     | 16262 ||| INVOKING Heroism.
 16901 | D:12     | Found a shimmering altar of Xom.
 16952 | D:12     | 16952 ||| DROPPING +4 ring of protection.
 16961 | D:13     | 16961 ||| PLANNING BAZAAR
 17030 | D:13     | 17030 ||| INVOKING Heroism.
 17033 | D:13     | 17033 ||| READING 8 scrolls of teleportation.
 17195 | D:13     | 17195 ||| INVOKING Heroism.
 17199 | D:13     | 17199 ||| READING 7 scrolls of teleportation.
 17249 | D:13     | 17249 ||| Stepping ~*~*~tactically~*~*~ (outnumbered).
 17385 | D:13     | 17385 ||| INVOKING Heroism.
 17386 | D:13     | 17386 ||| INVOKING Finesse.
 17387 | D:13     | 17387 ||| INVOKING Finesse.
 17823 | D:13     | 17823 ||| RIP BAZAAR
 17823 | D:13     | 17823 ||| PLANNING D
 17897 | D:14     | Found a runed translucent door.
 17906 | D:14     | 17906 ||| STAIRDANCE
 17908 | D:13     | 17908 ||| RIP BAZAAR
 17990 | D:14     | 17990 ||| INVOKING Heroism.
 18001 | D:14     | Reached skill level 17 in Ranged Weapons
 18060 | D:14     | 18060 ||| Stepping ~*~*~tactically~*~*~ (outnumbered).
 18094 | D:14     | Found a gate to the Vaults.
 18141 | D:14     | 18141 ||| Stepping ~*~*~tactically~*~*~ (outnumbered).
 18143 | D:14     | 18143 ||| Stepping ~*~*~tactically~*~*~ (outnumbered).
 18145 | D:14     | 18145 ||| Stepping ~*~*~tactically~*~*~ (outnumbered).
 18243 | D:14     | Found a portal to a secret trove of treasure.
 18338 | D:14     | 18338 ||| INVOKING Heroism.
 18339 | D:14     | 18339 ||| INVOKING Finesse.
 18541 | D:14     | 18541 ||| DROPPING ring of willpower.
 18561 | D:14     | Reached skill level 9 in Dodging
 18561 | D:14     | Reached XP level 15. HP: 123/141 MP: 22/22
 18564 | D:14     | 18564 ||| INVOKING Heroism.
 18683 | D:14     | Noticed Ytheofip's ghost (journeyman FoFi)
 18689 | D:15     | Entered Level 15 of the Dungeon
 18694 | D:15     | Noticed Louise
 18695 | D:15     | 18695 ||| INVOKING Heroism.
 18720 | D:15     | Killed Louise
 18931 | D:15     | 18931 ||| INVOKING Heroism.
 18936 | D:15     | 18936 ||| UPGRADING to amulet of reflection.
 19048 | D:15     | 19048 ||| INVOKING Heroism.
 19091 | D:15     | Received a gift from Okawaru
 19128 | D:15     | 19128 ||| DRINKING 2 potions of cancellation.
 19142 | D:15     | Found a staircase to the Depths.
 19372 | D:15     | 19372 ||| INVOKING Heroism.
 19499 | D:15     | Noticed Kirke
 19500 | D:15     | 19500 ||| INVOKING Heroism.
 19516 | D:15     | Killed Kirke
 19517 | D:15     | Reached skill level 18 in Ranged Weapons
 19799 | D:15     | 19799 ||| PLANNING ORC
 19852 | D:13     | 19852 ||| RIP BAZAAR
 19913 | Orc:1    | Entered Level 1 of the Orcish Mines
 20151 | Orc:2    | Entered Level 2 of the Orcish Mines
 20160 | Orc:2    | 20160 ||| STAIRDANCE
 20317 | Orc:1    | 20317 ||| INVOKING Heroism.
 20390 | Orc:1    | Found Pinnow's Armour Boutique.
 20403 | Orc:1    | 20403 ||| BUYING +0 helmet of Pan-Flutes {Will+} (273
                  | gold).
 20403 | Orc:1    | Bought the +0 helmet of Pan-Flutes {Will+} for 273 gold
                  | pieces
 20403 | Orc:1    | 20403 ||| BUYING +2 pair of gloves of infusion (344 gold).
 20403 | Orc:1    | Bought a +2 pair of gloves of infusion for 344 gold pieces
 20403 | Orc:1    | 20403 ||| BUYING +2 robe of the Dwarven Hall {Contam rPois
                  | rF++ Dex+3 SInv} (708 gold).
 20403 | Orc:1    | Bought the +2 robe of the Dwarven Hall {Contam rPois rF++
                  | Dex+3 SInv} for 708 gold pieces
 20509 | Orc:1    | Found Riom's Magic Scroll Shop.
 20512 | Orc:1    | 20512 ||| BUYING scroll of enchant armour (97 gold).
 20512 | Orc:1    | Bought a scroll of enchant armour for 97 gold pieces
 20512 | Orc:1    | 20512 ||| BUYING scroll of enchant armour (97 gold).
 20512 | Orc:1    | Bought a scroll of enchant armour for 97 gold pieces
 20512 | Orc:1    | 20512 ||| READING 2 scrolls of enchant armour.
 20512 | Orc:1    | 20512 ||| ENCHANTING +0 pair of gloves.
 20513 | Orc:1    | 20513 ||| READING scroll of enchant armour.
 20513 | Orc:1    | 20513 ||| ENCHANTING +1 pair of gloves.
 20568 | Orc:1    | 20568 ||| UPGRADING to +0 helmet of Pan-Flutes {Will+}.
 20578 | Orc:1    | 20578 ||| DROPPING +0 helmet.
 20579 | Orc:1    | 20579 ||| DROPPING +2 pair of gloves of infusion.
 20580 | Orc:1    | 20580 ||| UPGRADING to +2 robe of the Dwarven Hall {Contam
                  | rPois rF++ Dex+3 SInv}.
 20741 | Orc:2    | 20741 ||| Stepping ~*~*~tactically~*~*~ (outnumbered).
 20752 | Orc:2    | Noticed an orc warlord
 20753 | Orc:2    | 20753 ||| INVOKING Heroism.
 20756 | Orc:2    | 20756 ||| Stepping ~*~*~tactically~*~*~ (outnumbered).
 20770 | Orc:2    | 20770 ||| Stepping ~*~*~tactically~*~*~ (outnumbered).
 20786 | Orc:2    | Killed an orc warlord
 20806 | Orc:2    | 20806 ||| INVOKING Heroism.
 20922 | Orc:2    | 20922 ||| Stepping ~*~*~tactically~*~*~ (outnumbered).
 20929 | Orc:2    | 20929 ||| Stepping ~*~*~tactically~*~*~ (outnumbered).
 20945 | Orc:2    | Found Zoudgh's Assorted Antiques.
 20951 | Orc:2    | 20951 ||| BUYING potion of curing (111 gold).
 20951 | Orc:2    | Bought a potion of curing for 111 gold pieces
 20951 | Orc:2    | 20951 ||| BUYING potion of haste (370 gold).
 20951 | Orc:2    | Bought a potion of haste for 370 gold pieces
 20951 | Orc:2    | 20951 ||| SHOPLISTING potion of mutation (296 gold, have
                  | 98).
 21025 | Orc:2    | 21025 ||| Stepping ~*~*~tactically~*~*~ (outnumbered).
 21027 | Orc:2    | 21027 ||| Stepping ~*~*~tactically~*~*~ (outnumbered).
 21084 | Orc:2    | Found a staircase to the Elven Halls.
 21101 | Orc:2    | 21101 ||| Stepping ~*~*~tactically~*~*~ (outnumbered).
 21104 | Orc:2    | 21104 ||| Stepping ~*~*~tactically~*~*~ (outnumbered).
 21174 | Orc:2    | 21174 ||| Stepping ~*~*~tactically~*~*~ (outnumbered).
 21176 | Orc:2    | 21176 ||| Stepping ~*~*~tactically~*~*~ (outnumbered).
 21248 | Orc:2    | Reached skill level 12 in Fighting
 21279 | Orc:2    | 21279 ||| Stepping ~*~*~tactically~*~*~ (outnumbered).
 21281 | Orc:2    | 21281 ||| INVOKING Heroism.
 21282 | Orc:2    | 21282 ||| Stepping ~*~*~tactically~*~*~ (outnumbered).
 21297 | Orc:2    | 21297 ||| Stepping ~*~*~tactically~*~*~ (outnumbered).
 21306 | Orc:2    | Found Cigyoh's Jewellery Shop.
 21416 | Orc:2    | Found Bomukk's Antique Armour Emporium.
 21418 | Orc:2    | Found Moatry's Antique Weapon Shoppe.
 21425 | Orc:2    | 21425 ||| SHOPLISTING fine robe (193 gold, have 184).
 21425 | Orc:2    | 21425 ||| SHOPLISTING runed helmet (255 gold, have 184).
 21447 | Orc:2    | 21447 ||| PLANNING SPIDER:1-3
 21684 | Spider:1 | Entered Level 1 of the Spider Nest
 21891 | Spider:1 | 21891 ||| Stepping ~*~*~tactically~*~*~ (outnumbered).
 21901 | Spider:1 | 21901 ||| INVOKING Heroism.
 22209 | Spider:1 | 22209 ||| Stepping ~*~*~tactically~*~*~ (outnumbered).
 22211 | Spider:1 | 22211 ||| Stepping ~*~*~tactically~*~*~ (outnumbered).
 22215 | Spider:1 | Noticed Donald
 22216 | Spider:1 | 22216 ||| INVOKING Heroism.
 22232 | Spider:1 | Killed Donald
 22265 | Spider:1 | 22265 ||| INVOKING Heroism.
 22523 | Spider:1 | 22523 ||| INVOKING Finesse.
 22764 | Spider:1 | 22764 ||| INVOKING Heroism.
 22869 | Spider:1 | Noticed a ghost moth
 22881 | Spider:1 | Killed a ghost moth
 23198 | Spider:2 | 23198 ||| INVOKING Heroism.
 23336 | Spider:2 | 23336 ||| INVOKING Heroism.
 23343 | Spider:2 | Reached XP level 16. HP: 152/152 MP: 23/23
 23844 | Spider:2 | Identified the +7 chain mail of Qulymp {Harm rCorr Str-4}
 24106 | Spider:3 | 24106 ||| FLEEEEING.
 24169 | Spider:3 | 24169 ||| INVOKING Heroism.
 24170 | Spider:3 | 24170 ||| Stepping ~*~*~tactically~*~*~ (outnumbered).
 24179 | Spider:3 | 24179 ||| Stepping ~*~*~tactically~*~*~ (outnumbered).
 24181 | Spider:3 | 24181 ||| Stepping ~*~*~tactically~*~*~ (outnumbered).
 24183 | Spider:3 | 24183 ||| Stepping ~*~*~tactically~*~*~ (outnumbered).
 24191 | Spider:3 | Reached skill level 19 in Ranged Weapons
 24336 | Spider:3 | Identified the +2 leather armour of Going Fast {rElec
                  | Regen+}
 24337 | Spider:3 | 24337 ||| INVOKING Heroism.
 24624 | Spider:3 | Identified the +7 sling "Dask" {freeze, Stlth+}
 24687 | Spider:3 | 24687 ||| INVOKING Heroism.
 25141 | Spider:3 | 25141 ||| PLANNING SHOALS:1-3
 25141 | Spider:3 | 25141 ||| DROPPING +0 troll leather armour.
 25142 | Spider:3 | 25142 ||| UPGRADING to +2 leather armour of Going Fast
                  | {rElec Regen+}.
 25152 | Spider:3 | 25152 ||| DROPPING ring of flight.
 25153 | Spider:3 | 25153 ||| DROPPING ring of magical power.
 25164 | Spider:3 | Gained mutation: Your spells are a little easier to cast,
                  | but a little less powerful. [mutagenic glow]
 25365 | Shoals:1 | Entered Level 1 of the Shoals
 25366 | Shoals:1 | 25366 ||| INVOKING Heroism.
 25367 | Shoals:1 | 25367 ||| INVOKING Finesse.
 25533 | Shoals:1 | 25533 ||| INVOKING Heroism.
 25546 | Shoals:1 | 25546 ||| INVOKING Finesse.
 25634 | Shoals:1 | 25634 ||| INVOKING Heroism.
 25671 | Shoals:1 | 25671 ||| Stepping ~*~*~tactically~*~*~ (outnumbered).
 25674 | Shoals:1 | 25674 ||| Stepping ~*~*~tactically~*~*~ (outnumbered).
 25678 | Shoals:1 | 25678 ||| Stepping ~*~*~tactically~*~*~ (outnumbered).
 25703 | Shoals:1 | 25703 ||| INVOKING Heroism.
 26071 | Shoals:1 | 26071 ||| INVOKING Heroism.
 26131 | Shoals:1 | 26131 ||| INVOKING Heroism.
 26221 | Shoals:1 | 26221 ||| READING scroll of enchant armour.
 26221 | Shoals:1 | 26221 ||| ENCHANTING +0 cloak.
 26235 | Shoals:2 | 26235 ||| STAIRDANCE
 26369 | Shoals:2 | 26369 ||| INVOKING Heroism.
 26382 | Shoals:2 | HP: 36/156 [poisoned by a sea snake]
 26383 | Shoals:2 | 26383 ||| READING 8 scrolls of teleportation.
 26383 | Shoals:2 | HP: 8/156 [poisoned by a sea snake]
 26384 | Shoals:2 | 26384 ||| DRINKING 4 potions of heal wounds.
 26384 | Shoals:2 | HP: 3/156 [harpy (1)]
 26385 | Shoals:2 | 26385 ||| DRINKING 3 potions of heal wounds.
 26386 | Shoals:2 | 26386 ||| DRINKING 2 potions of heal wounds.
 26387 | Shoals:2 | 26387 ||| DRINKING potion of heal wounds.
 26389 | Shoals:2 | HP: 39/156 [poisoned by a sea snake]
 26392 | Shoals:2 | 26392 ||| READING 7 scrolls of teleportation.
 26394 | Shoals:2 | HP: 29/156 [poisoned by a sea snake]
 26396 | Shoals:2 | 26396 ||| READING 6 scrolls of teleportation.
 26400 | Shoals:2 | HP: 27/156 [poisoned by a sea snake]
 26535 | Shoals:2 | Noticed a walking earthen tome
 26537 | Shoals:2 | Found Taf Fatt's Book Boutique.
 26539 | Shoals:2 | Noticed a walking divine tome
 26546 | Shoals:2 | 26546 ||| DROPPING amulet of guardian spirit.
 26557 | Shoals:2 | 26557 ||| INVOKING Heroism.
 26564 | Shoals:2 | Reached skill level 20 in Ranged Weapons
 26857 | Shoals:2 | 26857 ||| INVOKING Heroism.
 26980 | Shoals:2 | 26980 ||| INVOKING Heroism.
 26983 | Shoals:2 | Reached XP level 17. HP: 164/164 MP: 24/24
 27070 | Shoals:2 | 27070 ||| DROPPING ring of ice.
 27159 | Shoals:3 | 27159 ||| INVOKING Heroism.
 27162 | Shoals:3 | Received a gift from Okawaru
 27180 | Shoals:3 | Found a transporter.
 27213 | Shoals:3 | Found a transporter.
 27217 | Shoals:3 | Noticed qdestroyer's ghost (journeyman MiFi)
 27313 | Shoals:3 | 27313 ||| INVOKING Heroism.
 27314 | Shoals:3 | 27314 ||| INVOKING Finesse.
 27375 | Shoals:3 | 27375 ||| INVOKING Heroism.
 27402 | Shoals:3 | 27402 ||| Stepping ~*~*~tactically~*~*~ (outnumbered).
 27692 | Shoals:3 | 27692 ||| PLANNING SPIDER:4
 27940 | Spider:4 | Entered Level 4 of the Spider Nest
 27953 | Spider:4 | 27953 ||| READING scroll of enchant armour.
 27953 | Spider:4 | 27953 ||| ENCHANTING +1 cloak.
 28024 | Spider:4 | 28024 ||| Stepping ~*~*~tactically~*~*~ (outnumbered).
 28028 | Spider:4 | 28028 ||| Stepping ~*~*~tactically~*~*~ (outnumbered).
 28029 | Spider:4 | 28029 ||| INVOKING Heroism.
 28042 | Spider:4 | HP: 37/166 [meliai/+0 hand axe (7)]
 28043 | Spider:4 | 28043 ||| READING 6 scrolls of teleportation.
 28047 | Spider:4 | HP: 20/166 [ghost moth (5)]
 28047 | Spider:4 | HP: 3/166 [meliai/divine providence (12)]
 28048 | Spider:4 | Mangled by a ghost moth

Levels and vault maps discovered:
D:1:      evilmike_arrival_fibonacci_small, layout_loops_ring,
          hellmonk_ecumenical_altar_slurped_away, serial_shops, shop,
          serial_park_tiny_1
D:2:      layout_loops_ring, grunt_ministairs_12, grunt_decor_clamped,
          feat_on_display, uniq_natasha
D:3:      layout_loops_ring, mainiacjoe_overflow_alcove_1
D:4:      layout_basic, kennysheep_vampire_church, nicolae_ashenzari_skybound,
          serial_shops, shop, nicolae_square_shop, nicolae_shop_stone,
          uniq_robin
D:5:      layout_loops_corners, minmay_puff
D:6:      layout_basic, mainiacjoe_overflow_small_starburst,
          mainiacjoe_overflow_catwalk, vehumet_crystals, temple_doors_e
D:7:      layout_rooms, kennysheep_slug_shrine, nicolae_elyvilon_peaceful_grove,
          mainiacjoe_overflow_24_doors, minmay_door_square, uniq_maggie,
          uniq_crazy_yiuf_cottage, uniq_pikel
D:8:      layout_loops_ring, due_lair_maze_entry_diamond, serial_shops, shop
D:9:      layout_grid_maze, okawaru_humans, led_sif_pool, ebering_ghost_xom,
          nicolae_shop_self_help
D:10:     layout_roguey [special_room_bee], lemuel_coloured_pillars_altar,
          mainiacjoe_overflow_big_doors, orc_0_dummy, enter_bailey_3,
          gammafunk_ghost_smash, serial_shops, shop, nicolae_shop_trees, shop
D:11:     layout_loops_cross, portal_ice_cave_entry_ice_simulacra, uniq_nergalle
D:12:     layout_basic, minivault_24, xom_confusion_cloud
D:13:     layout_roguey, serial_shops, bzr_firewalk
D:14:     layout_cave_pools, david_vaults_4, ebering_ghost_reflecting_pool,
          hangedman_glass_teeth, nicolae_trove_entry_crystal,
          kennysheep_another_room, chequers_garden
D:15:     gammafunk_depths_entry_grave, layout_basic, serial_co_window_serial,
          co_window_corner_a, co_window_paths_b, co_window_paths_b,
          co_window_paths_b, co_window_paths_b, co_window_cross_2,
          co_window_paths_c, co_window_unsneaky_path_e, co_window_paths_e,
          glass_columns_b, glass_columns_a, glass_columns_a, uniq_louise,
          uniq_kirke
Temple:   nicolae_temple_ecumenical_triangle
Lair:1:   layout_cave_shapes
Lair:2:   layout_gridlike, minmay_shoals_entry_centaurs,
          eino_small_chamber_without_monster, st_stairs_6,
          infiniplex_staircase_pool
Lair:3:   layout_big_grid, spider_nest_entry_funnel_web
Lair:4:   layout_regular_city
Lair:5:   minmay_lair_end_frog_pond, layout_cellular_growth,
          minmay_slime_entry_oklob_enclosed, minmay_lair_drake_nest,
          serial_bayou_shore_a, uniq_urug
Shoals:1: layout_shoals, nicolae_shoals_water_booths
Shoals:2: layout_shoals, serial_shops, nicolae_shop_mannequins
Shoals:3: layout_shoals, gammafunk_ghost_berserking_beasts, st_sunken_temple
Spider:1: layout_spider_delve, uniq_donald
Spider:2: layout_spider_delve, special_room
Spider:3: layout_spider_delve, nicolae_spider_checkerboard
Spider:4: hellmonk_spider_rune_bug_friends
Orc:1:    layout_caves, serial_shops, nicolae_shop_rolled_up, shop, basic_altar
Orc:2:    grunt_orc_community_town_hall, layout_caves,
          grunt_orc_community_big_house_2, grunt_orc_community_big_house_1,
          grunt_orc_community_house_1, grunt_orc_community_house_2,
          grunt_orc_community_house_2, grunt_orc_community_house_3, basic_altar

Skill      XL: |  1  2  3  4  5  6  7  8  9 10 11 12 13 14 15 16 17 |
---------------+----------------------------------------------------+-----
Ranged Weapons | 4 5 6 8 9 11 12 13 14 15 17 18 20 | 20.0
Fighting       | 4 6 7 8 9 10 11 12 13 14 | 14.0
Dodging        | 2 3 5 6 7 8 9 10 | 10.3
Armour         | 1 2 4 5 6 7 |  7.0
Invocations    | 1 4 9 10 | 10.0
Stealth        | |  1.5

Action                     |  1- 3 |  4- 6 |  7- 9 | 10-12 | 13-15 | 16-18 || total
---------------------------+-------+-------+-------+-------+-------+-------++-------
   Fire: Shortbow          |    35 |   139 |       |       |       |       ||   174
         Arbalest          |       |       |   209 |   311 |       |       ||   520
         Longbow           |       |       |       |   166 |  1625 |   671 ||  2462
 Invoke: Heroism           |       |       |       |    23 |    41 |    17 ||    81
         Finesse           |       |       |       |       |     5 |     3 ||     8
Ability: Spit Poison       |    16 |    50 |    70 |    56 |       |       ||   192
    Use: Scroll            |     3 |     3 |     9 |    14 |     6 |     6 ||    41
         Potion            |       |     1 |     4 |     2 |     2 |     4 ||    13
 Armour: Leather armour    |     4 |    26 |    79 |       |       |   136 ||   245
         Steam dragon scal |       |       |       |   274 |   242 |       ||   516
         Troll leather arm |       |       |       |       |   110 |       ||   110
         Robe              |       |       |       |       |    54 |    31 ||    85
  Dodge: Dodged            |    12 |    32 |    89 |   407 |   865 |   350 ||  1755
  Block: Other             |       |       |       |       |    62 |    93 ||   155
         Reflection        |       |       |       |       |     4 |    10 ||    14

Table legend:
 A = Non-vault XP
 B = Vault XP
 C = Vault XP percentage of total XP
 D = Non-vault monster count
 E = Vault monster count
 F = Vault count percentage of total count
                 A         B        C        D         E       F
            +---------+---------+-------+---------+---------+-------
      Total |  152911 |   40507 |  20.9 |     612 |     222 |  26.6
            +---------+---------+-------+---------+---------+-------
        D:1 |      17 |      37 |  68.5 |       8 |       2 |  20.0
        D:2 |      53 |      10 |  15.9 |      16 |       5 |  23.8
        D:3 |     138 |       0 |   0.0 |      19 |       0 |   0.0
        D:4 |     518 |     154 |  22.9 |      28 |      19 |  40.4
        D:5 |     390 |     159 |  29.0 |      12 |       2 |  14.3
        D:6 |    1101 |       0 |   0.0 |      16 |       0 |   0.0
        D:7 |    1043 |    1000 |  48.9 |      11 |       3 |  21.4
        D:8 |    1651 |    1283 |  43.7 |      24 |      11 |  31.4
        D:9 |    1153 |     385 |  25.0 |      11 |       2 |  15.4
       D:10 |    2562 |    1850 |  41.9 |      23 |      30 |  56.6
       D:11 |    4660 |    1025 |  18.0 |      12 |       6 |  33.3
       D:12 |    4315 |     808 |  15.8 |      22 |       3 |  12.0
       D:13 |    8857 |       0 |   0.0 |      22 |       0 |   0.0
       D:14 |    9309 |    1218 |  11.6 |      20 |       3 |  13.0
       D:15 |    4545 |    8108 |  64.1 |      12 |      13 |  52.0
     Lair:1 |    3362 |       0 |   0.0 |      18 |       0 |   0.0
     Lair:2 |    7503 |    1527 |  16.9 |      32 |       7 |  17.9
     Lair:3 |    4142 |    1372 |  24.9 |      18 |       5 |  21.7
     Lair:4 |    8648 |     181 |   2.1 |      35 |       1 |   2.8
     Lair:5 |    6823 |   12111 |  64.0 |      22 |      40 |  64.5
   Shoals:1 |   17828 |    2332 |  11.6 |      38 |       3 |   7.3
   Shoals:2 |   15829 |       0 |   0.0 |      31 |       0 |   0.0
   Shoals:3 |    7710 |       0 |   0.0 |      17 |       0 |   0.0
   Spider:1 |   12723 |    1371 |   9.7 |      36 |       1 |   2.7
   Spider:2 |    6863 |       0 |   0.0 |      15 |       0 |   0.0
   Spider:3 |   13655 |       0 |   0.0 |      31 |       0 |   0.0
   Spider:4 |    3727 |       0 |   0.0 |       8 |       0 |   0.0
      Orc:1 |    1578 |       0 |   0.0 |      24 |       0 |   0.0
      Orc:2 |    2208 |    5576 |  71.6 |      31 |      66 |  68.0
            +---------+---------+-------+---------+---------+-------
